Map: Lost and Found LE

Players

GOStephano (Stephano) - Winner!

  • Race: Zerg Zerg
  • Spawn Location: 7:00

Has

  • Race: Protoss Protoss
  • League: Master
  • Spawn Location: 1:00

Event: WCS Austin 2018

VOD

Have the link to the VOD?

Description

Time

  • Played on: June 1, 2018, 10:51 p.m.
  • Length: 10:15

All games in this series

Show
View Real Time Build Order
Export as new Build Order

GOStephano Zerg - Winner!

Build Orders: Hatch First 

Get SALT Encoding   

  12  0:00  Drone  
  13  0:12  Overlord  
  13  0:18  Drone  
  14  0:31  Drone x2  
  16  0:47  Hatchery  
  15  0:51  Drone  
  15  0:54  Drone  
  17  0:57  Drone  
  18  1:08  Extractor  
  17  1:13  Spawning Pool  
  17  1:16  Drone  
  17  1:20  Drone  
  18  1:30  Drone  
  19  1:45  Overlord  
  20  2:02  Zergling x4  
  20  2:03  Hatchery  
  20  2:06  Spine Crawler  
  20  2:10  Spine Crawler  
  20  2:14  Hatchery  
  18  2:16  Drone  
  19  2:25  Drone  
  20  2:31  Queen  
  22  2:38  Metabolic Boost  
  22  2:43  Drone  
  23  2:59  Extractor  
  22  3:12  Drone x3  
  27  3:18  Drone, Queen  
  30  3:20  Lair  
  28  3:28  Drone  
  29  3:36  Zergling x2  
  29  3:37  Zergling x2  
  29  3:39  Zergling x2  
  32  3:49  Zergling x4  
  34  4:04  Zergling x2  
  34  4:06  Zergling x4  
  37  4:15  Drone x3  
  37  4:16  Zergling x2  
  41  4:20  Zergling x2  
  40  4:24  Spire  
  36  4:44  Drone x3  
  36  4:45  Overlord x2  
  38  5:04  Zergling x8  
  41  5:20  Drone x4  
  45  5:25  Drone x3  
  45  5:27  Overlord  
  46  5:31  Queen  
  48  5:37  Mutalisk x3  
  48  5:38  Mutalisk  
  56  5:46  Mutalisk  
  56  5:49  Drone  
  60  5:50  Drone x2, Extractor  
  60  5:51  Extractor  
  60  5:53  Queen  
  60  5:56  Extractor  
  60  6:01  Overlord  
  60  6:09  Mutalisk  
  62  6:12  Zergling x2  
  62  6:13  Zergling x2  
  62  6:14  Overlord  
  61  6:22  Drone x3  
  62  6:26  Mutalisk  
  60  6:38  Mutalisk  
  62  6:41  Drone x3  
  62  6:42  Drone x3  
  66  6:55  Mutalisk x2  
  66  6:59  Queen  
  72  7:02  Drone x3  
  72  7:03  Drone  
  74  7:11  Mutalisk  
  74  7:12  Drone x2  
  74  7:15  Overlord, Extractor  
  75  7:24  Mutalisk x2  
  75  7:28  Drone x2  
  79  7:31  Extractor  
  79  7:33  Drone x2  
  80  7:39  Drone x5  
  85  7:48  Mutalisk x2  
  89  7:51  Overlord  
  89  7:55  Hatchery  
  88  7:59  Overlord  
  88  8:07  Mutalisk  
  88  8:11  Mutalisk x3  
  96  8:16  Mutalisk  
  95  8:26  Mutalisk x2  
  93  8:36  Mutalisk  
  90  8:41  Mutalisk  
  90  8:44  Zergling x2  
  90  8:45  Zergling x10  
  98  8:53  Queen  
  100  8:58  Drone x6  
  100  9:02  Overlord, Queen  
  96  9:27  Drone x2  
  97  9:33  Mutalisk x4  
  97  9:36  Zergling x12  
  107  9:49  Drone x5  
  107  9:51  Extractor  
Show
View Real Time Build Order
Export as new Build Order

Has Protoss 

Build Orders:  

Get SALT Encoding   

  12  0:00  Probe  
  13  0:12  Probe  
  14  0:19  Pylon  
  14  0:23  Probe  
  15  0:33  Probe  
  15  0:39  Gateway  
  15  0:42  Probe  
  17  0:53  Probe  
  18  0:57  Forge  
  18  1:01  Probe  
  18  1:09  Probe  
  19  1:14  Assimilator  
  20  1:26  Probe  
  20  1:28  Pylon  
  21  1:39  Pylon  
  22  1:40  Pylon  
  22  1:46  Photon Cannon  
  22  1:48  Photon Cannon  
  22  1:52  Probe, Pylon  
  22  2:05  Probe  
  22  2:08  Assimilator, Cybernetics Core  
  23  2:17  Pylon  
  23  2:22  Photon Cannon  
  23  2:26  Assimilator  
  24  2:36  Photon Cannon  
  23  2:45  Photon Cannon  
  23  2:55  Stalker  
  23  2:57  Robotics Facility  
  23  3:12  Shield Battery  
  25  3:22  Pylon  
  25  3:26  Shield Battery  
  25  3:35  Photon Cannon  
  25  3:38  Immortal  
  29  3:58  Photon Cannon  
  29  4:07  Warp Prism  
  29  4:08  Shield Battery  
  31  4:30  Shield Battery  
  31  4:33  Gateway  
  33  4:46  Sentry  
  33  4:49  Pylon  
  33  4:51  Gateway  
  33  4:53  Warp Gate  
  33  5:01  Shield Battery  
  33  5:02  Shield Battery  
  31  5:18  Probe  
  31  5:20  Immortal  
  32  5:30  Probe  
  37  5:40  Pylon  
  37  5:42  Probe  
  39  5:57  Stalker  
  39  6:00  Stalker  
  39  6:02  Shield Battery  
  42  6:05  Shield Battery  
  42  6:14  Probe  
  41  6:38  Shield Battery  
  38  6:59  Stalker x3  
  42  7:23  Stalker  
  42  7:27  Stalker  
  46  7:31  Stalker  
  48  7:41  Shield Battery  
  48  8:01  Stalker x3  
  54  8:21  Pylon  
  54  8:39  Stalker x3  
  52  9:07  Nexus  
  50  9:23  Stalker x3  
  24  9:47  Sentry  
Tags
 
Add a new tag
Caveats
  • Supply blocks, unpowered buildings, or Contaminate may cause inaccurate times.
  • Supply counts are checked every 10 seconds.